 Dungeon Crawl Stone Soup version 0.19-a0-1886-gd64a0f0 (webtiles) character file.

63 Kirkhe the Chopper (level 3, 0/27 HPs)
             Began as a Demonspawn Gladiator on Oct 16, 2016.
             Killed from afar by Sigmund (10 damage)
             ... with a magic dart
             ... on level 2 of the Dungeon.
             The game lasted 00:03:58 (1730 turns).

Kirkhe the Chopper (Demonspawn Gladiator)           Turns: 1730, Time: 00:03:59

Health: 0/27       AC:  8    Str: 16    XL:     3   Next: 89%
Magic:  3/3        EV: 11    Int: 14    God:
Gold:   145        SH:  0    Dex: 13    Spells: 0 memorised, 2 levels left

rFire  . . .     SeeInvis .     a - +1 war axe
rCold  . . .     Gourm    .     p - +0 ring mail
rNeg   . . .     Faith    .     (no shield)
rPois  .         Spirit   .     c - +0 helmet
rElec  .         Dismiss  .     (no cloak)
rCorr  .         Reflect  .     l - +1 pair of gloves
MR     +....     Harm     .     (no boots)
Stlth  +.........               (no amulet)
                                i - ring of protection from magic
                                o - +5 ring of intelligence

@: no status effects
A: claws 1
a: no special abilities


You were on level 2 of the Dungeon.
You were hungry.

You visited 1 branch of the dungeon, and saw 2 of its levels.

You collected 145 gold pieces.

Inventory:

Hand Weapons
 a - a +1 war axe (weapon)
Missiles
 d - 3 throwing nets (quivered)
 h - 4 needles of sleeping
Armour
 c - a +0 helmet (worn)
 l - a +1 pair of gloves (worn)
 p - a +0 ring mail (worn)
Jewellery
 i - a ring of protection from magic (right hand)
 o - a +5 ring of intelligence (left hand)
Comestibles
 f - 4 bread rations
 n - a meat ration


   Skills:
 - Level 2.0 Fighting
 + Level 4.0 Axes
 - Level 1.7 Throwing
 + Level 1.4 Armour
 - Level 2.6 Dodging


You had 2 spell levels left.
You didn't know any spells.

Dungeon Overview and Level Annotations

Branches:
Dungeon (2/15)

Altars:
Yredelemnul

Annotations:
D:2 Sigmund, Terence


Innate Abilities, Weirdness & Mutations

You have sharp fingernails.


Message History

The kobold is severely wounded.
Sigmund appears from thin air!
Reactivating autopickup.
The kobold barely misses you. The kobold hits you with a short sword.
You closely miss the kobold.
The kobold is severely wounded.
The kobold completely misses you.
You closely miss the kobold.
The kobold is severely wounded.
Sigmund gestures wildly while chanting.
Sigmund flickers and vanishes!
Deactivating autopickup; reactivate with Ctrl-A.
The kobold hits you with a short sword.
You slash the kobold!
You kill the kobold!
Something hits you.
You hear some strange, mumbled words.
A magic dart appears from out of thin air!
The magic dart hits you!
You die...

..#
##<..#'#.....#........#
..#
###..#.#.....#........#
..#...#[..##.#.....#
..#...#...##.#.....#
..#...#...##.#.....#
..#...#...##+#.....#...
..#...####†..#.....#...
..#...# #...###{####.#
..#...####...# #@# #.#
##....#....### #_# ##.#
#...##.############..#
#...##.# #......#...#
#...'..# #......#.#.#
##...####
#......#...### .....#
#......'!....# .....#
#......#####.### .....#
#......# #...#


There were no monsters in sight!

Vanquished Creatures
  2 adders (D:2)
  A leopard gecko (D:1)
  6 bats
  3 giant cockroaches
  2 gnoll zombies (D:2)
  5 goblins
  6 hobgoblins
  A jackal (D:1)
  A quokka (D:2)
  2 frilled lizards
  6 kobolds
  8 rats (D:1)
43 creatures vanquished.

Notes
Turn   | Place    | Note
-------+----------+-------------------------------------------
     0 | D:1      | Kirkhe the Demonspawn Gladiator began the quest for the Orb.
     0 | D:1      | Reached XP level 1. HP: 16/16 MP: 1/1
     1 | D:1      | Noticed an electric eel
    98 | D:1      | Reached skill level 3 in Axes
   198 | D:1      | Gained mutation: You have sharp fingernails. [demonic ancestry]
   198 | D:1      | Reached XP level 2. HP: 22/22 MP: 2/2
   832 | D:1      | Reached XP level 3. HP: 27/27 MP: 3/3
  1056 | D:2      | Reached skill level 1 in Armour
  1058 | D:2      | Noticed Terence
  1059 | D:2      | Noticed Sigmund
  1527 | D:2      | Reached skill level 4 in Axes
  1623 | D:2      | Found a basalt altar of Yredelemnul.
  1730 | D:2      | Killed from afar by Sigmund

Vault maps used:
D:1:      arrival_aquarium_a, minmay_misc_feat_pillars, minmay_octomino_j4
D:2:      lemuel_zombie_altar_yredelemnul, uniq_sigmund, uniq_terence

Skill      XL: |  1  2  3 |
---------------+----------+-----
Axes           | 3 4 |  4.0
Armour         | 1 |  1.4
Fighting       | |  2.0
Throwing       | |  1.7
Dodging        | |  2.6

Action                   || total
-------------------------++-------
Melee: War axe           ||   120
  Use: Scroll            ||     7
       Potion            ||     2
 Stab: Sleeping          ||     1
  Eat: Chunk             ||     2
Armor: Leather armour    ||    15
       Ring mail         ||    31
Dodge: Dodged            ||    74
